 Dungeon Crawl Stone Soup version 0.31-a0-920-g28cbb04a8c (webtiles) character file.

Game seed: 13718545074216409288

321535 tabstorm the Brawler (level 20, 0/174 HPs)
             Began as a Grey Draconian Ice Elementalist on Oct 17, 2023.
             Was the Champion of Cheibriados.
             Slain by Mennas
             ... wielding a +5 eudemon blade of holy wrath
              (24 damage)
             ... on level 3 of the Vaults.
             The game lasted 02:08:48 (39057 turns).

tabstorm the Brawler (DrIE)                        Turns: 39057, Time: 02:08:49

Health: 0/174      AC: 27    Str: 28      XL:     20   Next: 65%
Magic:  25/35      EV: 26    Int: 45 (48) God:    Cheibriados [******]
Gold:   682        SH: 17    Dex: 30      Spells: 7/42 levels left

rFire   + .          .
                       - Unarmed
rCold   + . .        r - +2 kite shield {rC+}
rNeg    . . .        (body armour unavailable)
rPois   +            p - +2 hat {Stlth+}
rElec   .            B - +2 cloak {Will+}
rCorr   +            R - +3 pair of gauntlets of War {Slay+5}
SInv    .            P - +2 pair of boots {Stlth+}
Will    ++++.        X - amulet of Geewe {Regen+ rCorr}
Stlth   ++           u - ring "Orgho" {Contam rPois Will+ EV+5 Int+5}
HPRegen 1.29/turn    A - ring "Quwuupte" {rF+ Int+6 Dex+3}
MPRegen 0.24/turn

%: no passive effects
@: mighty, maw-form, enlightened, flying, glowing, silenced, very slow
A: devouring maw, AC +15, amphibious, unfitting armour, cold-blooded
}: 2/15 runes: serpentine, barnacled
a: Begin Untransformation, Renounce Religion


You were on level 3 of the Vaults.
You worshipped Cheibriados.
Cheibriados was exalted by your worship.
You were a creature with a mouth for a stomach.
You visited 6 branches of the dungeon, and saw 33 of its levels.
You also visited: Sewer, Bailey, Gauntlet and Ice Cave.

You collected 4161 gold pieces.
You spent 3479 gold pieces at shops.

Inventory:

Missiles
 d - 343 stones
 G - 7 curare-tipped darts
Armour
 p - a +2 hat of stealth (worn)
 r - a +2 kite shield of cold resistance (worn)
 B - a +2 cloak of willpower (worn)
 N - an orb of energy
 P - a +2 pair of boots of stealth (worn)
 R - the +3 pair of gauntlets of War (worn) {Slay+5}
   (You found it in an ice cave)

   Slay+5:    It affects your accuracy & damage with ranged weapons and melee
   (+5).
Magical Staves
 K - a staff of air
 L - a staff of cold
 M - the staff of Reinforcement {Int+3 Conj}
   (You found it in a bailey)

   [staff of conjuration]

   Base accuracy: +5 Base damage: 5 Base attack delay: 1.2 This weapon's minimum
   attack delay (0.6) is reached at skill level 12.
   Int+3:     It affects your intelligence (+3).
   Conj:      It increases the power of your Conjurations spells.
   It falls into the 'Staves' category.
   It is a one-handed weapon.
Jewellery
 l - a ring of flight
 n - the ring of the Mage {Wiz Archmagi}
   (You bought it in a shop on level 13 of the Dungeon)

   [ring of wizardry]

   Wiz:       It improves your spell success rate.
   Archmagi:  It increases the power of your magical spells.
 u - the ring "Orgho" (left hand) {Contam rPois Will+ EV+5 Int+5}
   (You found it in a Gauntlet)

   [ring of evasion]

   EV+5:      It affects your evasion (+5).
   Int+5:     It affects your intelligence (+5).
   rPois:     It protects you from poison Will+: It increases your willpower.
   Contam:    It causes magical contamination when unequipped.
 A - the ring "Quwuupte" (right hand) {rF+ Int+6 Dex+3}
   (You acquired it on level 3 of the Lair of Beasts)

   [ring of intelligence]

   Int+6:     It affects your intelligence (+6).
   Dex+3:     It affects your dexterity (+3).
   rF+:       It protects you from fire.
 E - the necklace of Bloodlust {Fury *Rage Will++ Int-3 Slay+6}
   (You bought it in a shop on level 13 of the Dungeon)

   [amulet of nothing]

   Fury:      It extends the wearer's berserk rage when killing foes.
   Int-3:     It affects your intelligence (-3).
   Slay+6:    It affects your accuracy & damage with ranged weapons and melee
   (+6).
   Will++:    It greatly increases your willpower.
   *Rage:     It berserks you when you make melee attacks (+50% chance).
 Q - the ring "Ucuhoc" {rPois Will+ MP-9 Dex+8 SInv}
   (You found it on level 1 of the Snake Pit)

   [ring of poison resistance]

   Dex+8:     It affects your dexterity (+8).
   rPois:     It protects you from poison Will+: It increases your willpower.
   MP-9:      It affects your magic capacity (-9).
   SInv:      It lets you see invisible.
 X - the amulet of Geewe (around neck) {Regen+ rCorr}
   (You found it on level 1 of the Shoals)

   [amulet of regeneration]

   Regen+:    It increases your rate of health regeneration.
   rCorr:     It protects you from acid and corrosion.
Talismans
 S - a maw talisman (active)
 W - a serpent talisman
Wands
 y - a wand of paralysis (7)
 C - a wand of roots (11)
 V - a wand of digging (13)
 Z - a wand of flame (27)
Scrolls
 b - 5 scrolls of teleportation
 h - a scroll of fog
 k - 2 scrolls of amnesia
 m - 6 scrolls of immolation
 o - 3 scrolls of enchant weapon
 q - 5 scrolls of revelation
 z - a scroll of summoning
 F - 4 scrolls of fear
 I - 8 scrolls of identify
 J - 6 scrolls of blinking
 O - 2 scrolls of enchant armour
 T - 4 scrolls of poison
 U - 2 scrolls of silence
Potions
 a - 4 potions of magic
 c - 5 potions of heal wounds
 g - 7 potions of attraction
 i - 21 potions of curing
 j - 6 potions of berserk rage
 s - 6 potions of lignification
 t - 6 potions of might
 v - 6 potions of cancellation
 w - 7 potions of mutation
 x - 4 potions of brilliance
 D - 4 potions of resistance
 Y - a potion of ambrosia
Miscellaneous
 e - a lightning rod (4/4)


   Skills:
 - Level 14.2 Fighting
 - Level 8.6 Dodging
 - Level 4.0 Stealth
 - Level 12.0 Shields
 - Level 20.0 Unarmed Combat
 * Level 11.7 Spellcasting
 - Level 5.3 Summonings
 - Level 11.2 Necromancy
 - Level 6.4 Translocations
 - Level 6.0 Ice Magic
 - Level 5.3 Air Magic
 - Level 12.0 Invocations
 - Level 10.1 Shapeshifting


You had 7 spell levels left.
You knew the following spells:

 Your Spells              Type           Power      Damage    Failure   Level
a - Freeze                Ice            100%       1d10      1%          1
b - Frozen Ramparts       Ice            100%       1d16      1%          3
c - Ozocubu's Armour      Ice            69%        N/A       1%          3
d - Vhi's Electric Charg  Tloc/Air       100%       N/A       1%          4
e - Death Channel         Necr           45%        N/A       2%          6
f - Dispel Undead         Necr           91%        3d29      1%          4
g - Simulacrum            Ice/Necr       40%        N/A       7%          6
h - Blink                 Tloc           100%       N/A       1%          2
i - Lesser Beckoning      Tloc           100%       N/A       1%          2
j - Passage of Golubria   Tloc           71%        N/A       1%          4

Your spell library contained the following spells:

 Spells                   Type           Power      Damage    Failure   Level
 Magic Dart               Conj           100%       1d8       1%          1
 Shock                    Conj/Air       100%       1d9       1%          1
 Slow                     Hex            100%       N/A       1%          1
 Call Imp                 Summ           100%       N/A       1%          2
 Cigotuvi's Dreadful Rot  Necr/Pois/Air  100%       N/A       1%          2
 Ensorcelled Hibernation  Hex/Ice        100%       N/A       1%          2
 Momentum Strike          Conj/Tloc      100%       3d10      1%          2
 Call Canine Familiar     Summ           66%        N/A       1%          3
 Gell's Gravitas          Tloc           71%        N/A       1%          3
 Swiftness                Air            65%        N/A       1%          3
 Teleport Other           Tloc           71%        N/A       1%          3
 Vampiric Draining        Necr           91%        2d12      1%          3
 Airstrike                Air            32%        2d(5-21)  1%          4
 Summon Ice Beast         Ice/Summ       67%        N/A       1%          4
 Passwall                 Tmut/Erth      21%        N/A       2%          2
 Wereblood                Tmut           26%        N/A       2%          2
 Mephitic Cloud           Conj/Pois/Air  42%        N/A       2%          3
 Confusing Touch          Hex            26%        N/A       4%          3
 Ignite Poison            Fire/Tmut/Pois 26%        N/A       4%          3
 Inner Flame              Hex/Fire       26%        N/A       4%          3
 Sigil of Binding         Hex            26%        N/A       4%          3
 Dimensional Bullseye     Hex/Tloc       26%        N/A       4%          4
 Freezing Cloud           Conj/Ice/Air   28%        6-21      10%         5
 Arcjolt                  Conj/Air       25%        1d35      14%         5
 Silence                  Hex/Air        25%        N/A       14%         5
 Leda's Liquefaction      Hex/Erth       13%        N/A       16%         4
 Irradiate                Conj/Tmut      13%        3d16      41%         5
 Yara's Violent Unravell  Hex/Tmut       13%        3d7       41%         5
 Enfeeble                 Hex            13%        N/A       100%        7
 Lehudib's Crystal Spear  Conj/Erth      13%        10d4      100%        8
 Maxwell's Capacitive Co  Air            32%        ∞         100%        8


Dungeon Overview and Level Annotations

Branches:
Dungeon (15/15)            Temple (0/1) D:6            Lair (5/5) D:11
 Shoals (4/4) Lair:3        Snake (4/4) Lair:3        Slime (0/5) Lair:4
    Orc (2/2) D:12            Elf (0/3) Orc:2        Vaults (3/5) D:13
 Depths (0/4) D:15          Sewer (visited)          Bailey (visited)
  IceCv (visited)         Gauntlet (visited)
  Crypt: Vaults:2-3

Altars:
Ashenzari
Cheibriados
Elyvilon
Fedhas
Gozag
Hepliaklqana
Kikubaaqudgha
Nemelex Xobeh
Ru
Trog
Xom
Yredelemnul
Zin
The Shining One

Shops:
D:13 =   D:15 ?   Orc:1 !   Orc:2 (![*   Shoals:2 **   Vaults:1 !

Portals:
Trove: D:15 (give +8 demon whip)

Annotations:
D:9 1 runed translucent door, p00ps00p's ghost, novice HOFi
Lair:2 Fannar
Vaults:3 Mennas; Norris


Innate Abilities, Weirdness & Mutations

You are a creature with a mouth for a stomach.
Your midsection houses a second, enormous mouth.
Your dull iron-grey scales are very hard. (AC +15)
You are amphibious.
You cannot fit into any form of body armour.
You are cold-blooded and may be slowed by cold attacks.


Message History

Mennas completely misses you.
The great orb of eyes bites your ironbound preserver!
Your ironbound convoker hits the great orb of eyes with a +0 morningstar!
Unknown command.
Unknown command.
Unknown command.
Okay, then.
You feel very buoyant.
You fly up into the air.
Your ironbound convoker dissolves into shadows!
Mennas is caught in a moment of prayer.
Mennas hits you with a +5 eudemon blade of holy wrath!!
Mennas completely misses you.
Norris hits you with a +2 battleaxe of holy wrath!
Norris hits your orc knight with a +2 battleaxe of holy wrath!
Your orc knight dies!
Your orc knight's corpse dissolves into shadows!
Norris hits your ironbound preserver with a +2 battleaxe of holy wrath.
Your ironbound preserver appears confused.
The great orb of eyes bites your ironbound preserver!!
You block Mennas's attack.
Mennas hits you with a +5 eudemon blade of holy wrath!
Unknown command.
Unknown command.
Unknown command.
You hit Mennas but do no damage. Your bite misses Mennas.
Mennas is almost dead.
Your ironbound preserver dissolves into shadows!
Your slime creature dissolves into shadows!
You block Norris's attack.
Mennas hits you with a +5 eudemon blade of holy wrath!!!
* * * LOW HITPOINT WARNING * * *
Mennas hits you with a +5 eudemon blade of holy wrath!!
* * * LOW HITPOINT WARNING * * *
Unknown command.
Unknown command.
You feel much better.
Your vault guard dissolves into shadows!
Mennas hits you with a +5 eudemon blade of holy wrath!!
You die...

#....# ##### # #....# #...# #
#....# #...# # #....#
####...#### #....# #.........#
#....# #.........# . #§§..#
#.........' ~p,
#§p§.########'#'##
..~############Wpo..............
~A.~~~.......lA@G...............
..G~l~~~..p.~c~Hp...............
...~~~~.†~~~~~§.................
......~..~~~~~~.................
........#########...............
####....# #...............
#....# #............... #....#
#...............


You could see Norris (ally target, simulacrum), Mennas (strong, silencing, ally
target), a sphinx, a skyshark (strong), a great orb of eyes (unsilenced), an
ironbound frostheart, an ironbound convoker, a yaktaur, a friendly orc knight
(summoned), a friendly vault sentinel (summoned) and a friendly ironbound
convoker (summoned).

Vanquished Creatures
  Saint Roka (Snake:2)
  A lich (IceCv)
  A quicksilver dragon (Snake:4)
  2 sphinxes
  A tengu reaver (Vaults:1)
  Agnes (Snake:4)
  Donald (Snake:4)
  A daeva (Shoals:4)
  The ghost of Soob the Metamorph, an adept MfSh of Trog (Shoals:2)
  Ilsuiw (Shoals:3)
  Aizul (Snake:1)
  5 nagarajas
  A balrug (Orc:1)
  4 vault wardens
  Louise (Snake:1)
  6 ironbound preservers (Vaults:1)
  3 orc warlords
  A formless jellyfish (Vaults:2)
  3 ironbound thunderhulks (Vaults:2)
  Nessos (Orc:2)
  10 dire elephants
  A minotaur (Gauntlet)
  An ettin (D:15)
  2 merfolk javelineers (Shoals:4)
  The ghost of hattop the Mimic, a journeyman TrSh of Okawaru (Orc:2)
  The ghost of Stellion the Blocker, a journeyman DsGl of Gozag (D:12)
  3 great orbs of eyes (Vaults:2)
  A fire dragon (Lair:5)
  Josephine (Orc:2)
  4 yaktaur captains
  7 merfolk impalers
  The ghost of Droidtality99 the Severer, a journeyman MiFi of Okawaru (D:12)
  3 hydras
  A catoblepas (Lair:5)
  8 anacondas
  5 salamander tyrants
  3 vault guards
  A merfolk avatar (Shoals:3)
  2 alligator snapping turtles (Shoals:2)
  24 centaur warriors
  2 caustic shrike simulacra (IceCv)
  5 ironbound frosthearts
  An ogre mage (Orc:2)
  9 merfolk aquamancers
  8 naga warriors
  5 tengu warriors
  4 two-headed ogres
  A hell hog (Gauntlet)
  7 boulder beetles
  3 orc high priests (Orc:2)
  3 death yaks
  9 naga sharpshooters
  4 shock serpents
  A salamander mystic (Snake:4)
  8 arcanists
  6 skysharks
  5 skeletal warriors (D:14)
  9 sea snakes
  2 cherubim (Shoals:4)
  7 bog bodies (IceCv)
  9 naga ritualists
  A swamp dragon (Lair:5)
  A swamp dragon (shapeshifter) (D:13)
  20 deep trolls
  4 spriggan simulacra
  7 ironbound convokers
  Pikel (D:4)
  2 obsidian statues
  3 deep elf pyromancers
  A harpy (shapeshifter) (D:13)
  5 orc knights
  4 necromancers
  16 harpies
  10 manticores
  12 fauns
  5 orc sorcerers (Orc:2)
  10 ugly things
  7 mana vipers
  43 elephants
  6 cyclopes
  23 salamanders
  4 centaur zombies (D:10)
  6 guardian serpents
  2 water nymphs (Shoals:4)
  10 merfolk sirens
  15 naga magi
  9 vault sentinels
  44 black mambas
  4 cane toads
  An unseen horror (D:12)
  3 kobold demonologists
  6 rime drakes
  11 komodo dragons
  4 gargoyles
  A yaktaur (shapeshifter) (D:14)
  5 yaktaurs
  An unseen horror (shapeshifter) (D:13)
  2 tengu conjurers (D:15)
  2 unseen horror zombies (D:10)
  6 anaconda simulacra
  3 ice devils (IceCv)
  14 freezing wraiths
  3 trolls
  2 golden dragon simulacra (IceCv)
  A komodo dragon (shapeshifter) (Vaults:2)
  21 merfolk
  3 meliai (D:15)
  A queen bee (shapeshifter) (D:13)
  A meliai (shapeshifter) (D:14)
  5 polar bears
  4 wind drakes
  Grinder (D:3)
  4 alligator simulacra (IceCv)
  A raiju (Gauntlet)
  11 dream sheep
  19 blink frogs
  A raiju (shapeshifter) (D:13)
  5 snapping turtles
  6 slime creatures
  6 shadows
  A spriggan (D:10)
  6 wyverns
  10 water elementals
  5 dire elephant simulacra (IceCv)
  11 wraiths
  Eustachio (D:4)
  A fire elemental (Lair:3)
  4 vampires
  A golden eye (shapeshifter) (D:13)
  4 steam dragons
  17 yaks
  3 fire bats (Gauntlet)
  2 basilisks
  A minotaur simulacrum (IceCv)
  11 vampire mosquitoes
  7 wargs
  Menkaure (D:4)
  2 harpy simulacra
  35 nagas
  Duvessa (D:5)
  4 acid dragons
  A hydra simulacrum (IceCv)
  15 water moccasins
  19 orc warriors
  3 hell hounds (Gauntlet)
  2 swamp drakes (Lair:5)
  3 sky beasts (D:7)
  2 black bears (D:7)
  An ice beast (D:5)
  An ettin simulacrum (IceCv)
  8 ogres
  28 centaurs
  21 wolves
  3 phantoms (D:12)
  10 kobold brigands
  25 bullfrogs
  A gnoll sergeant (D:13)
  5 scorpions
  18 wights
  3 deep troll simulacra
  A troll zombie (D:12)
  30 killer bees
  3 lindwurm simulacra
  17 howler monkeys
  An electric eel (Lair:3)
  5 lava snakes
  11 orc priests
  2 jellies
  A gnoll bouda (D:5)
  Crazy Yiuf (D:2)
  5 hounds
  4 iguanas
  Ijyb (D:3)
  Terence (D:3)
  18 orc wizards
  5 ogre zombies (D:12)
  A howler monkey zombie (D:10)
  10 gnolls
  10 adders
  9 river rats
  A shadow imp (D:6)
  3 white imps
  4 ufetubi
  3 worms
  6 dart slugs
  65 orcs
  2 bats (D:3)
  8 endoplasms
  5 giant cockroaches
  A gnoll zombie (D:12)
  8 hobgoblins
  4 jackals
  5 quokkas
  11 ball pythons
  9 frilled lizards
  4 gnoll skeletons (D:12)
  11 goblins
  53 kobolds
  2 orc skeletons (D:12)
  12 orc zombies (D:12)
  31 rats
  2 butterflies (D:4)
1337 creatures vanquished.

Vanquished Creatures (collateral kills)
  A vault warden (Vaults:2)
  A dire elephant (Vaults:1)
  3 merfolk javelineers (Shoals:4)
  A merfolk impaler (Shoals:4)
  A yaktaur captain (Vaults:1)
  A centaur warrior (Vaults:1)
  A merfolk aquamancer (Shoals:4)
  2 death yaks (Lair:1)
  A satyr (Shoals:4)
  3 naga sharpshooters (Snake:4)
  A skyshark (Shoals:3)
  A lindwurm (Vaults:1)
  4 harpies (Shoals:4)
  An ironbound convoker (Vaults:2)
  An orc knight (Bailey)
  A cyclops (Shoals:4)
  A manticore (Shoals:4)
  A faun (Shoals:4)
  A salamander (Snake:4)
  A guardian serpent (Snake:4)
  A naga mage (Snake:4)
  3 merfolk sirens
  A vault sentinel (Vaults:2)
  5 merfolk
  A wind drake (Shoals:4)
  4 slime creatures (Vaults:1)
  2 dream sheep
  A water elemental (Shoals:3)
  A naga (Snake:4)
  2 orc warriors (Orc:2)
  An ice beast (Vaults:1)
  An ogre (D:6)
  A wolf (Lair:1)
  A kobold brigand (D:6)
  A gnoll sergeant (D:5)
  Dowan (D:5)
  2 orc priests (Orc:2)
  A sleepcap (D:6)
  3 orc wizards (Orc:2)
  3 gnolls (D:5)
  An adder (D:5)
  4 orcs
  A goblin (D:7)
  A hobgoblin (D:7)
  A kobold (D:10)
72 creatures vanquished.

Vanquished Creatures (others)
  A naga mage (Snake:2)
  A merfolk (Shoals:4)
2 creatures vanquished.

Grand Total: 1411 creatures vanquished

Notes
Turn   | Place    | Note
-------+----------+-------------------------------------------
     0 | D:1      | tabstorm the Draconian Ice Elementalist began the quest for
                  | the Orb.
     0 | D:1      | Reached XP level 1. HP: 14/14 MP: 3/3
     0 | D:1      | Upgraded the game from 0.31-a0-889-g1a8549509d to
                  | 0.31-a0-920-g28cbb04a8c
   206 | D:1      | Reached XP level 2. HP: 19/20 MP: 0/5
   601 | D:1      | Reached XP level 3. HP: 24/26 MP: 1/6
   614 | D:1      | Learned a level 3 spell: Frozen Ramparts
   792 | D:1      | Reached skill level 5 in Ice Magic
  1283 | D:2      | Reached XP level 4. HP: 33/33 MP: 5/7
  1287 | D:2      | Learned a level 3 spell: Ozocubu's Armour
  1772 | D:2      | Found a runed translucent door.
  1773 | D:2      | Noticed Crazy Yiuf
  1861 | D:2      | D:3 cloak of MR
  1978 | D:3      | Found a glowing drain.
  1985 | D:3      | Identified the +0 robe of the Spheres {Harm Will+ Int+3}
  1992 | D:3      | Reached XP level 5. HP: 38/38 MP: 4/8
  2026 | Sewer    | Entered a sewer
  2373 | Sewer    | Reached XP level 6. HP: 45/45 MP: 8/12
  2488 | Sewer    | Reached skill level 1 in Fighting
  2795 | D:3      | Noticed Terence
  2816 | D:3      | Killed Terence
  2952 | D:3      | Noticed Grinder
  2969 | D:3      | Paralysed by Grinder for 5 turns
  2995 | D:3      | Killed Grinder
  2996 | D:3      | Reached skill level 5 in Fighting
  2996 | D:3      | Your scales start taking on a dull iron-grey colour.
  2996 | D:3      | Reached XP level 7. HP: 39/61 MP: 5/13
  3089 | D:3      | Noticed Ijyb
  3104 | D:3      | Killed Ijyb
  3715 | D:2      | Killed Crazy Yiuf
  3792 | D:4      | Noticed Eustachio
  3792 | D:4      | Noticed Pikel
  3844 | D:4      | Found a shimmering altar of Xom.
  3858 | D:4      | Reached skill level 1 in Shields
  3881 | D:4      | Noticed Menkaure
  3950 | D:4      | Killed Pikel
  3951 | D:4      | Reached skill level 5 in Shields
  3951 | D:4      | Reached XP level 8. HP: 67/68 MP: 2/14
  4074 | D:4      | Identified the +1 scale mail of Lilacs {rC+ Dex+2}
  4097 | D:4      | Killed Menkaure
  4204 | D:4      | Learned a level 4 spell: Summon Ice Beast
  4290 | D:4      | Reached skill level 1 in Summonings
  4394 | D:4      | Found a snail-covered altar of Cheibriados.
  4413 | D:4      | i kinda want it
  4421 | D:4      | Became a worshipper of Cheibriados the Contemplative
  4607 | D:4      | Killed Eustachio
  4802 | D:5      | Entered Level 5 of the Dungeon
  4980 | D:5      | Reached skill level 5 in Summonings
  5153 | D:5      | Reached XP level 9. HP: 74/74 MP: 15/15
  5155 | D:5      | Reached * piety under Cheibriados
  5218 | D:5      | Reached skill level 1 in Invocations
  5425 | D:5      | Noticed Dowan
  5429 | D:5      | Noticed Duvessa
  5434 | D:5      | Killed Dowan
  5440 | D:5      | Killed Duvessa
  6277 | D:6      | Reached skill level 5 in Invocations
  6386 | D:6      | Found a staircase to the Ecumenical Temple.
  6500 | D:6      | Reached ** piety under Cheibriados
  7236 | D:7      | Reached skill level 1 in Unarmed Combat
  7360 | D:7      | Reached skill level 2 in Unarmed Combat
  7388 | D:7      | Reached skill level 3 in Unarmed Combat
  7467 | D:7      | Found a sacrificial altar of Ru.
  7559 | D:7      | Found a flagged portal.
  7561 | D:7      | Reached *** piety under Cheibriados
  7603 | Bailey   | Entered a bailey
  7637 | Bailey   | Noticed an orc warlord
  7639 | Bailey   | no idea if I can kill that
  7672 | Bailey   | Reached skill level 4 in Unarmed Combat
  7754 | Bailey   | Found a runed translucent gate.
  7756 | Bailey   | Found a runed translucent gate.
  7757 | Bailey   | Found a runed translucent gate.
  7764 | Bailey   | Noticed an orc knight
  7780 | Bailey   | Killed an orc knight
  7781 | Bailey   | Reached skill level 5 in Unarmed Combat
  7781 | Bailey   | Reached XP level 10. HP: 62/86 MP: 1/16
  8018 | Bailey   | lol
  8025 | Bailey   | Killed an orc warlord
  8026 | Bailey   | Reached skill level 6 in Unarmed Combat
  8056 | Bailey   | Identified the staff of Reinforcement {Int+3 Conj}
  8060 | Bailey   | Identified the of Eriuleush (You acquired it in a bailey)
  8060 | Bailey   | Acquired a staff of cold
  8230 | D:7      | Found a hazy altar of Hepliaklqana.
  8296 | D:7      | Reached skill level 7 in Unarmed Combat
  8646 | D:7      | Reached **** piety under Cheibriados
  8711 | D:7      | Reached skill level 8 in Unarmed Combat
  9028 | D:7      | Found a glowing silver altar of Zin.
  9032 | D:7      | Found a blossoming altar of Fedhas.
  9035 | D:7      | Found a broken altar of Ashenzari.
  9380 | D:8      | Reached skill level 9 in Unarmed Combat
  9609 | D:8      | Reached ***** piety under Cheibriados
 10065 | D:8      | ooo
 10296 | D:8      | Found a bloodstained altar of Trog.
 10379 | D:8      | Reached skill level 10 in Unarmed Combat
 10454 | D:8      | Reached XP level 11. HP: 78/92 MP: 11/17
 10842 | D:9      | Found a sparkling altar of Nemelex Xobeh.
 10876 | D:9      | Reached skill level 1 in Shapeshifting
 10986 | D:9      | Noticed a two-headed ogre
 11044 | D:9      | Found an ancient bone altar of Kikubaaqudgha.
 11157 | D:9      | Found a runed translucent door.
 11330 | D:9      | Found a basalt altar of Yredelemnul.
 11441 | D:9      | Noticed a red ugly thing
 11441 | D:9      | Noticed p00ps00p's ghost (novice HOFi)
 11628 | D:9      | Killed a two-headed ogre
 11719 | D:10     | Entered Level 10 of the Dungeon
 11791 | D:10     | Reached skill level 5 in Shapeshifting
 12067 | D:10     | Reached ****** piety under Cheibriados
 12361 | D:10     | Found a faded altar of an unknown god.
 12362 | D:10     | Found a hazy altar of Hepliaklqana.
 13596 | D:11     | Found a staircase to the Lair.
 13597 | D:11     | Noticed a boulder beetle
 13617 | D:11     | Reached XP level 12. HP: 100/100 MP: 4/18
 13641 | D:11     | Killed a boulder beetle
 13832 | D:11     | Noticed a boulder beetle
 13862 | D:11     | Killed a boulder beetle
 14020 | D:11     | Noticed a two-headed ogre
 14029 | D:11     | Killed a two-headed ogre
 14030 | D:11     | Reached skill level 10 in Shapeshifting
 14178 | IceCv    | Identified the of Vaunyqas
 14178 | Lair:1   | Entered Level 1 of the Lair of Beasts
 14197 | Lair:1   | Noticed a death yak
 14202 | Lair:1   | Noticed a death yak
 14214 | Lair:1   | Killed a death yak
 14216 | Lair:1   | Noticed a death yak
 14216 | Lair:1   | Noticed a death yak
 14254 | Lair:1   | Killed a death yak
 14297 | Lair:1   | Killed a death yak
 14305 | Lair:1   | Killed a death yak
 14998 | Lair:1   | Reached skill level 11 in Unarmed Combat
 15330 | Lair:2   | Reached skill level 5 in Dodging
 15423 | Lair:2   | Reached XP level 13. HP: 98/108 MP: 1/19
 15710 | Lair:2   | Reached skill level 12 in Unarmed Combat
 15868 | Lair:2   | Noticed Fannar
 16375 | Lair:3   | Found a staircase to the Snake Pit.
 16801 | Lair:3   | Acquired the ring "Quwuupte" {rF+ Int+6 Dex+3}
 17059 | Lair:3   | Reached skill level 13 in Unarmed Combat
 17290 | Lair:3   | Found a staircase to the Shoals.
 17456 | Lair:4   | Found a staircase to the Slime Pits.
 17498 | Lair:4   | Learned a level 6 spell: Death Channel
 17581 | Lair:4   | Reached skill level 10 in Fighting
 18035 | Lair:4   | Identified the +5 scale mail of Youthful Indiscretion
                  | {rPois Int+3 Dex+3}
 18177 | Lair:5   | Entered Level 5 of the Lair of Beasts
 18299 | Lair:5   | Reached XP level 14. HP: 124/124 MP: 20/20
 18687 | Lair:5   | Reached skill level 1 in Necromancy
 19032 | Lair:5   | Reached skill level 5 in Necromancy
 19664 | D:12     | Found a staircase to the Orcish Mines.
 20108 | D:12     | Found a runed translucent gate.
 20109 | D:12     | Found a runed translucent gate.
 20109 | D:12     | Found a runed translucent gate.
 20109 | D:12     | Noticed Stellion's ghost (journeyman DsGl)
 20109 | D:12     | Noticed Droidtality99's ghost (journeyman MiFi)
 20186 | Orc:1    | Entered Level 1 of the Orcish Mines
 20217 | Orc:1    | Found Geino's Distillery.
 20231 | Orc:1    | Bought a potion of curing for 42 gold pieces
 20231 | Orc:1    | Bought 2 potions of resistance for 280 gold pieces
 20231 | Orc:1    | Bought a potion of heal wounds for 70 gold pieces
 20231 | Orc:1    | Bought a potion of cancellation for 112 gold pieces
 20231 | Orc:1    | Bought a potion of heal wounds for 70 gold pieces
 20231 | Orc:1    | Bought a potion of attraction for 42 gold pieces
 20388 | Orc:2    | Entered Level 2 of the Orcish Mines
 20389 | Orc:2    | Noticed hattop's ghost (journeyman TrSh)
 20389 | Orc:2    | Found a runed translucent door.
 20435 | Orc:2    | Noticed Josephine
 20443 | Orc:2    | Killed Josephine
 20496 | Orc:2    | Found a staircase to the Elven Halls.
 20498 | Orc:2    | Found a gate leading to a gauntlet.
 20505 | Gauntlet | Entered a Gauntlet
 20505 | Gauntlet | Found a transporter.
 20505 | Gauntlet | Found a transporter.
 20507 | Gauntlet | Found a transporter.
 20510 | Gauntlet | Found a transporter.
 20511 | Gauntlet | Found a transporter.
 20511 | Gauntlet | Found a transporter.
 20537 | Gauntlet | Found a transporter.
 20541 | Gauntlet | Found a transporter.
 20549 | Gauntlet | Found a transporter.
 20566 | Gauntlet | Found a transporter.
 20580 | Gauntlet | Found a transporter.
 20584 | Gauntlet | Found a transporter.
 20657 | Gauntlet | Identified the ring of Rucaeg {rCorr Int+2 Dex+2}
 20695 | Gauntlet | Identified the ring "Orgho" {Contam rPois Will+ EV+5 Int+5}
 20708 | Gauntlet | what a ring...
 20717 | Gauntlet | Found the +8 Vampire's Tooth {megavamp}
 20736 | Gauntlet | Identified the staff "Wubbumov" {rN+ Str-3 Int+5 Dex+2
                  | Stlth+ Necro}
 20788 | Orc:2    | Noticed Nessos
 20798 | Orc:2    | Killed Nessos
 20831 | Orc:2    | Reached skill level 10 in Necromancy
 20847 | Orc:2    | Reached XP level 15. HP: 134/134 MP: 14/21
 21040 | Orc:2    | Found Vasef's Assorted Antiques.
 21040 | Orc:2    | Found Maggarem's Antique Weapon Shoppe.
 21041 | Orc:2    | Found Vian's Antique Armour Boutique.
 21041 | Orc:2    | Found Rifule Qeyl's Distillery.
 21058 | Orc:2    | Bought a potion of resistance for 130 gold pieces
 21058 | Orc:2    | Bought a potion of curing for 39 gold pieces
 21058 | Orc:2    | Bought a potion of berserk rage for 65 gold pieces
 21070 | Orc:2    | Bought a pair of embroidered boots for 240 gold pieces
 21093 | Orc:2    | Bought a potion of might for 124 gold pieces
 21093 | Orc:2    | Bought a potion of heal wounds for 155 gold pieces
 21093 | Orc:2    | Bought a glass ring for 155 gold pieces
 21201 | Orc:2    | Bought a pair of runed boots for 240 gold pieces
 21953 | Orc:1    | Found a runed translucent door.
 22112 | Orc:2    | Killed hattop's ghost
 22221 | D:12     | Killed Stellion's ghost
 22236 | D:12     | Killed Droidtality99's ghost
 22383 | D:13     | Found Loghag's Jewellery Shoppe.
 22715 | D:13     | Identified the +3 sling of Righteous Anger {drain, Fragile
                  | +Blink rCorr Stlth+}
 22717 | D:13     | Reached skill level 14 in Unarmed Combat
 22735 | D:13     | Found a gate to the Vaults.
 22961 | D:13     | Bought the ring of the Mage {Wiz Archmagi} for 510 gold
                  | pieces
 22961 | D:13     | Found the ring of the Mage {Wiz Archmagi}
 22965 | D:13     | Bought the necklace of Bloodlust {Fury *Rage Will++ Int-3
                  | Slay+6} for 453 gold pieces
 22965 | D:13     | Found the necklace of Bloodlust {Fury *Rage Will++ Int-3
                  | Slay+6}
 23188 | D:14     | Found a blossoming altar of Fedhas.
 23615 | D:14     | Found a sacrificial altar of Ru.
 23708 | D:14     | Reached skill level 15 in Unarmed Combat
 23959 | D:15     | Entered Level 15 of the Dungeon
 23959 | D:15     | Found a frozen archway.
 24010 | IceCv    | Entered an ice cave
 24228 | IceCv    | Reached skill level 16 in Unarmed Combat
 24408 | IceCv    | Found the +3 pair of gauntlets of War {Slay+5}
 24413 | IceCv    | whoa
 24506 | IceCv    | Found an ancient bone altar of Kikubaaqudgha.
 24546 | IceCv    | Learned a level 4 spell: Dispel Undead
 24629 | IceCv    | Reached XP level 16. HP: 127/141 MP: 15/22
 24865 | IceCv    | Noticed a lich
 25076 | IceCv    | Killed a lich
 25099 | IceCv    | Identified the ring "Sutuimos" {rN+ Str+5 Stlth+}
 25235 | D:15     | Found a staircase to the Depths.
 25333 | D:15     | Found Ywkeasur's Magic Scroll Emporium.
 25341 | D:15     | Bought a scroll of blinking for 105 gold pieces
 25341 | D:15     | Bought a scroll of blinking for 105 gold pieces
 25387 | D:15     | Found a portal to a secret trove of treasure.
 25803 | Snake:1  | Entered Level 1 of the Snake Pit
 25959 | Snake:1  | Identified the ring "Ucuhoc" {rPois Will+ MP-9 Dex+8 SInv}
 26014 | Snake:1  | Reached skill level 10 in Shields
 26668 | Snake:1  | Noticed Louise
 26688 | Snake:1  | Killed Louise
 27114 | Snake:1  | Noticed Aizul
 27128 | Snake:1  | Killed Aizul
 28187 | Snake:2  | Noticed Saint Roka
 28205 | Snake:2  | Killed Saint Roka
 28768 | Snake:2  | Reached XP level 17. HP: 148/148 MP: 22/24
 29696 | Snake:3  | Reached skill level 10 in Invocations
 29860 | Snake:3  | Identified the +2 mace "Geotar Ynne" {drain, rF+ Str+2
                  | Stlth+}
 29870 | Snake:3  | Reached XP level 18. HP: 156/156 MP: 24/26
 30490 | Snake:4  | Entered Level 4 of the Snake Pit
 30512 | Snake:4  | Reached skill level 5 in Spellcasting
 30528 | Snake:4  | Learned a level 6 spell: Simulacrum
 30614 | Snake:4  | Reached skill level 17 in Unarmed Combat
 31024 | Snake:4  | Noticed Agnes
 31033 | Snake:4  | Killed Agnes
 31108 | Snake:4  | Noticed Donald
 31122 | Snake:4  | Killed Donald
 31855 | Snake:4  | wut
 31901 | Snake:4  | how did i take so much damage? I have rF
 32259 | Snake:4  | Got a serpentine rune of Zot
 32411 | Snake:4  | Learned a level 2 spell: Blink
 32417 | Snake:4  | Learned a level 4 spell: Vhi's Electric Charge
 32535 | Shoals:1 | Entered Level 1 of the Shoals
 32779 | Shoals:1 | Identified the amulet of Geewe {Regen+ rCorr}
 33060 | Shoals:1 | Reached skill level 18 in Unarmed Combat
 33225 | Shoals:1 | Learned a level 2 spell: Lesser Beckoning
 33400 | Shoals:2 | Reached skill level 1 in Translocations
 33425 | Shoals:2 | Found a runed translucent gate.
 33426 | Shoals:2 | Found a runed translucent gate.
 33426 | Shoals:2 | Found an opulent altar of Gozag.
 33427 | Shoals:2 | Found a runed translucent gate.
 33429 | Shoals:2 | Found Avumur's Assorted Antiques.
 33429 | Shoals:2 | Noticed Soob's ghost (adept MfSh)
 33431 | Shoals:2 | Found Unukod's Assorted Antiques.
 33462 | Shoals:2 | Reached skill level 1 in Air Magic
 33470 | Shoals:2 | Killed Soob's ghost
 33471 | Shoals:2 | Reached XP level 19. HP: 94/165 MP: 22/29
 33526 | Shoals:2 | Bought a potion of heal wounds for 205 gold pieces
 33526 | Shoals:2 | Bought a potion of heal wounds for 205 gold pieces
 33564 | Shoals:2 | Bought a scroll of amnesia for 132 gold pieces
 34066 | Shoals:3 | Noticed Ilsuiw
 34093 | Shoals:3 | Killed Ilsuiw
 34663 | Shoals:3 | Identified the +5 quarterstaff "Peduzas" {pain, Str-2 Int+6
                  | SInv}
 34898 | Shoals:4 | Entered Level 4 of the Shoals
 34930 | Shoals:4 | Found a glowing silver altar of Zin.
 34977 | Shoals:4 | Reached skill level 5 in Translocations
 35018 | Shoals:4 | Got a barnacled rune of Zot
 35036 | Shoals:4 | these endings are getting spicy...
 35165 | Shoals:4 | Identified the +9 quarterstaff "Coaqiwa" {flame, rPois
                  | Will+ Dex+5}
 35167 | Shoals:4 | Found a glowing golden altar of the Shining One.
 35185 | Shoals:4 | Reached skill level 5 in Air Magic
 35286 | Shoals:4 | Reached skill level 19 in Unarmed Combat
 35417 | Shoals:4 | Found a white marble altar of Elyvilon.
 36140 | Vaults:1 | Entered Level 1 of the Vaults
 36747 | Vaults:1 | Reached XP level 20. HP: 167/174 MP: 19/31
 36918 | Vaults:1 | Found Enagall's Distillery.
 36938 | Vaults:1 | Reached skill level 20 in Unarmed Combat
 37181 | Vaults:1 | Learned a level 4 spell: Passage of Golubria
 37794 | Vaults:2 | Paralysed by a formless jellyfish for 1 turns
 37894 | Vaults:2 | Reached skill level 10 in Spellcasting
 39019 | Vaults:3 | Noticed Norris
 39031 | Vaults:3 | Noticed Mennas
 39056 | Vaults:3 | HP: 4/174 [Mennas/+5 eudemon blade of holy wrath (19)]
 39057 | Vaults:3 | Slain by Mennas

Illustrated notes #)....# ##..########### #.....# #.....####.... #)....# #.#..........# ####### #.##'####..#.# #.##.####.##.# ##.#8.8#....... #..##.##..)#### #####.###.##..## #.@....##.##>.# #...^..#8.8#.## ######## ### Turn 1861 on D:2: D:3 cloak of MR ..........# #####....<## #.##...# #### #####.####># ...####### #......## ..# ##.††....#### #>..~~~.# ### .###........## #..~≈≈≈~# ..........#..###..~≈.≈~# ...............†@.~≈~≈~# ###.......######...~~~## .........## #...#_## .##.......# #...# # ###.......# #..... # #.......# ####### ##.....## ##...## ##### Turn 4413 on D:4: i kinda want it ♣♣♣♣♣ ♣♣♣♣♣♣.∩.♣♣♣♣♣♣♣♣♣♣ ≈≈≈.........≈≈≈≈≈≈♣ ≈≈≈....∩....≈≈≈≈≈≈≈ ###.........#### ##.....(.## ##...(.## ##''@## ............... ............... .............8. ............... .####...####... ~#####~ #.. |?8.o.8? .. Turn 7639 on Bailey: no idea if I can kill that ♣♣...~~~.# #.~~~...♣♣ ♣∩...~~~.#~....∩....~#.~~~...∩♣ ♣...~~~.#~.........~#.~~~...♣♣ ♣...~~()# ~.8...8.~~#.~~~...♣ ♣♣..###'###.......###(###..♣♣ ♣.##....#~.8...8.~#.(..##.♣ ♣##.....#~~~~~~~~~#.....##♣ ##......####og~####......## #...8......#@''#......8...# #..........Y....K.........# #..............)..........# ##..8..8.......)...8..8..## ##.......#######.......## ##.....## ##.....## ##...## ##...## ##### ##### Turn 8018 on Bailey: lol ......#.#...## <..#..#..#...# ####. #.#...#### #. #).).....# # ####).##.# #..##.#### #........# #........# #..@.....# #.)..........# ..>.#........# #.. #........# #. #........# #%##.##### #. #.# .. .# Turn 10065 on D:8: ooo ............. 8.8.©.©.8.8 ......... ## ### ######### ### ## ##≈###≈###.......###≈###≈## #≈≈≈#≈≈≈#..∩.8.∩..#≈≈≈#≈≈≈# #≈.....................≈# ##.#########.#########.## ##≈.#..*©*#.#.#.W.©.###.≈## #≈≈.#.##"!#.#.#.###.###.≈≈# ##≈.##..##..#.#.##=^#.#.≈## ##.##.^©^.####..†©...#.## ##≈.#..##..##.#.#^†##.#.≈## #≈≈.#.#x.##.#.###.###.#.≈≈# ##≈.#.#.....#.###..bhb#.≈## ##.#########.#########.## ##≈....#©.........©#....≈## Turn 20708 on Gauntlet: what a ring... ####..# ##...##### ..#...# #..#.....## .# .....## ##..##.....# ..# #...## #..###.....##.. ##### ##..###.......# ## #..###........# .## ##..# #.......## ..## #..## #......## ...####.## #...W..# #...##..# #..#8..## ##..#..## #..###))# #......# #..# #[[# ≈.#...## ##. #### ≈###### # ≈≈≈# ≈≈≈# #≈Z# Turn 24413 on IceCv: whoa #.......................## #. ###..............###.....# ##. #........#'#####.####..###.. ##.......#.....†....#....... #........########...#....... #..####..##.....#...#..#'### #..# ##.##.....'...#..#.... ###..# #.##.....#...#..#.... #...## ##.+#W....#...#..#.... ##...####..##.....#...#..#...) ##........##...#'#...#..#.... #.........######.....#..##### #..##.....######.#####......< #.#####........###........... #.# ##...............)..... ## ##.................... ##................... Turn 31855 on Snake:4: wut

...###............###......#.#...
..####.........).## #......#.#...
.## #...#####....# ##......#.#...
..###...#...#....###.......#.#...
...#....#...##.............#.####
#.......#..).#....<........######
#.......'...##...........#.......
##......#...#...)......####......
#.......#.###...W)....## #......
........###...........# #......
...........)..........## #.....#
#..............###.....# ##.....#
#........#'#####.####..###......#
##.......#..........#...........'
#........########...#...........#
#..####..##.....#...#..#'######.#
#..# ##.##.....'...#..#......###


Turn 31901 on Snake:4: how did i take so much damage? I have rF ###..#...###...#
~~.#....#..##_##..# ≈~~#....#..8...8..# ≈~......##.......## ≈~..P...(#.......# ≈
~......)##..(..##.≈≈ #....).###†###.~≈≈ #.P()...)#)#..~P≈≈ ##..(.)..W)(..~~P≈≈
#.<†.†.).....~~P≈≈≈ ##..).......P~.~≈≈≈ ###))....P...~.≈≈≈ ##.).)...P.~~≈≈≈
P.P......~.~~≈≈≈≈ .~~...~.....~.~≈≈≈≈ ~~≈≈.~~P....~~~.≈≈≈≈ .~≈≈≈≈~~.P..~~~~≈≈
Turn 35036 on Shoals:4: these endings are getting spicy...

Levels and vault maps discovered:
D:1:      minmay_arrival_three_doors, layout_loops_ring
D:2:      layout_basic, dk_noncrumbling_2, uniq_crazy_yiuf_cottage
D:3:      layout_basic, cheibrodos_sewer_entry_sluice, minmay_cupped, uniq_ijyb,
          uniq_grinder, uniq_terence
D:4:      layout_rooms, xom_butterflies, kennysheep_slug_shrine, uniq_eustachio,
          uniq_pikel, uniq_menkaure
D:5:      layout_layer_cave, uniq_duvessa
D:6:      layout_gridville, minmay_temple_entry_mist, serial_bayou_ford_a,
          kennysheep_boxes
D:7:      minmay_polygon_palace, layout_loops_corners,
          grunt_temple_overflow_diamond, lemuel_round_altar, enter_bailey_4,
          kennysheep_small_circle
D:8:      layout_loops_ring, trog_butcher_becter, minmay_misc_feat_room
D:9:      layout_roguey, mainiacjoe_overflow_chevrons,
          yredelemnul_altar_generic, nemelex_spade_bored_becter,
          ebering_ghost_inner_flame
D:10:     layout_roguey, beargit_hepliaklqana_dungeon_heroes, serial_undead,
          serial_undead_f, serial_undead_a, serial_undead_f, serial_undead_d,
          serial_undead_b, serial_undead_a
D:11:     layout_loops_ring, erik_lair_orcish_takeover
D:12:     layout_rooms, zombieorc1_lemuel, gammafunk_ghost_cemetery
D:13:     layout_basic, david_vaults_2, serial_shops,
          nicolae_inconvenience_store
D:14:     layout_loops_ring, fedhas_altar_2, nicolae_ru_sacrificial_ziggurat
D:15:     hangedman_depths_entry_civil_slaughter, layout_rooms, serial_glass,
          glass_columns_b, glass_columns_b, serial_shops,
          nicolae_shop_statue_plus, portal_ice_cave_entry_ice_simulacra,
          nicolae_trove_entry_isolated
Lair:1:   layout_regular_city, chequers_serial_rivers_micro_b
Lair:2:   layout_regular_city, uniq_fannar
Lair:3:   layout_gridlike, minmay_shoals_entry_lonely_mermaid,
          nicolae_snake_entry_warm_welcome, grunt_megastairs_2,
          lemuel_fruit_tree, infiniplex_staircase_pool_2
Lair:4:   layout_small_grid, slime_entry_1
Lair:5:   guppyfry_lair_end_dragon, layout_cave_shapes, grunt_megastairs_4
Shoals:1: layout_shoals
Shoals:2: layout_shoals, ebering_ghost_gozag
Shoals:3: layout_shoals, uniq_ilsuiw
Shoals:4: shoals_end_hellmonk_holy_island
Snake:1:  layout_layer_cave, grunt_ministairs_10, nicolae_snake_gridmaze_waves,
          serial_bayou_shore_b, serial_bayou_shore_b, uniq_louise, uniq_aizul
Snake:2:  layout_layer_cave, grunt_megastairs_3, uniq_saint_roka
Snake:3:  layout_misc_corridors
Snake:4:  hellmonk_snake_rune_quicksilver_temple, layout_cave_town,
          nicolae_zig_zag_zippers, uniq_agnes, uniq_donald
Orc:1:    dreamdust_dug_too_deep, layout_caves, serial_shops, shop_coins,
          basic_altar
Orc:2:    st_orc_elflike, layout_caves, gauntlet_entry_generic,
          ebering_ghost_reflecting_pool, uniq_nessos, uniq_josephine
Vaults:1: nicolae_vaults_storage_room_glass, vaults_mumra_minichess_inversion,
          serial_ice_m, ontoclasm_vaults_twist, hangedman_vaults_pinch,
          nicolae_vaults_octothorpe, nicolae_vaults_oval_intersection,
          nicolae_vaults_diamond_2, vaults_dpeg_hooks,
          nicolae_vaults_trapezoid_lopsided_3, dpeg_vaults_monster_box,
          nicolae_vaults_apartment_1, hangedman_vaults_trim,
          layout_vaults_omnibox, serial_shops, shop
Vaults:2: nicolae_vaults_six-pack, nicolae_vaults_tetromino_L_2,
          nicolae_vaults_little_ls, ontoclasm_vaults_misaligned,
          nicolae_vaults_network_s, v_misc_15, nicolae_vaults_more_shelving_1,
          nicolae_vaults_hallways_thing, nicolae_vaults_alarming, v_pattern_3,
          st_lines, layout_vaults_maze_snakey
Vaults:3: vaults_room_corners, nicolae_vaults_more_shelving_2,
          ontoclasm_vaults_chip, minmay_crypt_entry_necro_gods,
          nicolae_vaults_apartment_1, vaults_room_stairs_pillars,
          nicolae_vaults_heist, nicolae_vaults_storage_room_doors,
          nicolae_vaults_little_squares_3, nicolae_vaults_tetromino_T_2,
          layout_vaults_omnigrid, uniq_norris, uniq_mennas

Skill      XL: |  1  2  3  4  5  6  7  8  9 10 11 12 13 14 15 16 17 18 19 20 |
---------------+-------------------------------------------------------------+-----
Ice Magic      | 5 6 |  6.0
Spellcasting   | 4 7 11 | 11.7
Fighting       | 5 7 8 11 12 13 14 | 14.2
Stealth        | 3 4 |  4.0
Shields        | 5 6 12 | 12.0
Summonings     | 5 |  5.3
Invocations    | 5 9 11 12 | 12.0
Unarmed Combat | 5 10 11 13 16 18 19 20 | 20.0
Shapeshifting  | 9 10 | 10.1
Dodging        | 5 8 |  8.6
Necromancy     | 10 11 | 11.2
Translocations | 1 6 |  6.4
Air Magic      | 1 5 |  5.3

Action                     |  1- 3 |  4- 6 |  7- 9 | 10-12 | 13-15 | 16-18 | 19-21 || total
---------------------------+-------+-------+-------+-------+-------+-------+-------++-------
  Melee: Unarmed           |     1 |       |       |   208 |  1086 |   777 |   683 ||  2755
         Hand axe          |     1 |       |       |       |       |       |       ||     1
         Dagger            |    46 |   160 |   366 |    42 |       |       |       ||   614
         Tailslap          |     3 |    22 |    46 |   113 |   263 |   163 |   163 ||   773
         Punch             |       |     2 |       |       |       |       |       ||     2
         Whip              |       |       |       |   347 |       |       |       ||   347
         Maw               |       |       |       |    53 |   489 |   337 |   334 ||  1213
  Throw: Stone             |     2 |       |     2 |     1 |     8 |     5 |       ||    18
         Dart              |       |       |       |     3 |       |       |       ||     3
         Throwing net      |       |       |       |       |       |       |     5 ||     5
   Cast: Freeze            |    47 |    40 |    30 |     5 |       |       |       ||   122
         Ozocubu's Armour  |       |     6 |    19 |    36 |    41 |    31 |    16 ||   149
         Frozen Ramparts   |       |    10 |    31 |    58 |    27 |    22 |    17 ||   165
         Summon Ice Beast  |       |       |    11 |    12 |     3 |     2 |       ||    28
         Death Channel     |       |       |       |       |     2 |     5 |    13 ||    20
         Simulacrum        |       |       |       |       |       |     6 |     6 ||    12
         Blink             |       |       |       |       |       |     1 |       ||     1
         Lesser Beckoning  |       |       |       |       |       |       |     3 ||     3
         Vhi's Electric Ch |       |       |       |       |       |       |     1 ||     1
 Invoke: Bend Time         |       |       |       |     1 |    14 |    14 |    13 ||    42
         Slouch            |       |       |       |       |     2 |     3 |     1 ||     6
         Temporal Distorti |       |       |       |       |       |       |     1 ||     1
  Evoke: Wand              |       |       |     5 |     1 |     6 |     2 |       ||    14
    Use: Scroll            |     1 |       |    11 |     8 |    12 |    12 |     5 ||    49
         Potion            |       |       |       |     1 |     2 |     5 |     5 ||    13
   Stab: Sleeping          |     6 |     2 |     4 |     9 |    27 |    14 |    14 ||    76
         Paralysed         |       |       |     3 |     7 |     2 |       |       ||    12
         Distracted        |       |       |     1 |     2 |     6 |     9 |     9 ||    27
         Petrified         |       |       |       |       |     1 |       |       ||     1
         Invisible         |       |       |       |       |       |       |     3 ||     3
         Held in net/web   |       |       |       |       |       |       |     3 ||     3
 Armour: Skin              |    32 |   100 |   244 |   508 |   509 |   351 |   329 ||  2073
  Dodge: Dodged            |    25 |   121 |   228 |   411 |  1117 |   610 |   510 ||  3022
  Block: Buckler           |       |       |    88 |   217 |   409 |    14 |       ||   728
         Kite shield       |       |       |       |       |       |   719 |   658 ||  1377
   Form: Maw               |       |       |       |     1 |       |       |       ||     1

Table legend: (Time is in decaauts)
 A = Elapsed time spent in this place.
 B = Non-inter-level travel time spent in this place.
 C = Inter-level travel time spent in this place.
 D = Time resting spent in this place.
 E = Time spent auto-exploring this place.
 F = Levels seen in this place.
 G = Mean time per level.
                   A        B        C        D        E       F      G
               +--------+--------+--------+--------+--------+-----+--------+
         Total |  58364 |  55558 |   2806 |   5256 |  35321 |  37 | 1577.4 |
       Dungeon |  21748 |  20608 |   1140 |   2389 |  13314 |  15 | 1449.9 |
          Lair |   9467 |   8676 |    791 |    530 |   6307 |   5 | 1893.4 |
        Shoals |   5630 |   5365 |    265 |     77 |   2692 |   4 | 1407.5 |
     Snake Pit |  10416 |  10065 |    351 |   1131 |   7208 |   4 | 2604.0 |
  Orcish Mines |   2907 |   2749 |    158 |    179 |   1936 |   2 | 1453.5 |
        Vaults |   4605 |   4505 |    100 |    177 |   3474 |   3 | 1535.0 |
         Sewer |    666 |    666 |      0 |    172 |     20 |   1 |  666.0 |
        Bailey |    736 |    736 |      0 |    257 |    139 |   1 |  736.0 |
      Ice Cave |   1753 |   1753 |      0 |    337 |    230 |   1 | 1753.0 |
      Gauntlet |    432 |    432 |      0 |      4 |      0 |   1 |  432.0 |
               +--------+--------+--------+--------+--------+-----+--------+

Top non-repeatable levels by time:
 Snake:2: 3343 daAuts
 Snake:4: 2900 daAuts
 Snake:1: 2889 daAuts
     D:7: 2395 daAuts
Vaults:1: 2193 daAuts
  Lair:3: 2186 daAuts
  Lair:5: 2028 daAuts
  Lair:2: 2005 daAuts
Vaults:2: 1994 daAuts
    D:11: 1954 daAuts
    D:10: 1911 daAuts
   Orc:2: 1888 daAuts
  Lair:1: 1876 daAuts
   IceCv: 1753 daAuts
Shoals:4: 1721 daAuts
